 Dungeon Crawl Stone Soup version 0.19.1 (webtiles) character file.

2137 Gargoyl the Cudgeler (level 9, -5/85 HPs)
             Began as a Black Draconian Abyssal Knight on Nov 30, 2016.
             Was an Elder of Lugonu.
             Slain by an orc warrior
             ... wielding a +0 glaive
              (12 damage)
             ... on level 7 of the Dungeon.
             The game lasted 00:15:48 (6351 turns).

Gargoyl the Cudgeler (DrAK)                         Turns: 6351, Time: 00:15:48

Health: -5/85      AC:  9    Str: 17    XL:     9   Next: 9%
Magic:  10/10      EV: 13    Int: 14    God:    Lugonu [****..]
Gold:   268        SH:  5    Dex: 10    Spells: 0 memorised, 8 levels left

rFire  . . .     SeeInvis +     d - +2 demon whip (vamp)
rCold  . . .     Gourm    .     (armour unavailable)
rNeg   . . .     Faith    .     f - +1 buckler
rPois  .         Spirit   .     (helmet restricted)
rElec  +         Reflect  .     (no cloak)
rCorr  .         Harm     .     (no gloves)
MR     +....                    n - +1 pair of boots
Stlth  ++........               (no amulet)
                                (no ring)
                                m - ring of protection from magic

@: short of breath, flying
A: breathe lightning, unfitting armour, see invisible, clever 1, robust 1,
electricity resistance, weak 1, cold-blooded, AC +7
a: Breathe Lightning, Depart the Abyss, Bend Space, Banish, Corrupt, Renounce
Religion


You were on level 7 of the Dungeon.
You worshipped Lugonu.
Lugonu was greatly pleased with you.
You were very hungry.

You visited 1 branch of the dungeon, and saw 7 of its levels.
You visited the Abyss 1 time.

You collected 268 gold pieces.

Inventory:

Hand Weapons
 a - a +1 hand axe
 d - a +2 vampiric demon whip (weapon)
 r - the +5 mace of Drought {freeze, Stlth+}
   (You found it on level 6 of the Dungeon)

   It has been specially enchanted to freeze those struck by it, causing extra
   injury to most foes and up to half again as much damage against particularly
   susceptible opponents.
   It can also slow down cold-blooded creatures.
   It makes you more stealthy.
 w - a +1 war axe of electrocution
 y - a +0 whip of flaming
Missiles
 p - 11 javelins (quivered)
 x - 14 tomahawks
Armour
 f - a +1 buckler (worn)
 n - a +1 pair of boots (worn)
Jewellery
 m - a ring of protection from magic (left hand)
 A - an uncursed amulet of magic regeneration {unknown}
Wands
 z - a wand of flame (41/48)
Scrolls
 b - 2 scrolls of recharging
 g - 4 scrolls of teleportation
 i - 2 scrolls of fog
 o - 3 scrolls of identify
 q - a scroll of fear
 v - 2 scrolls of amnesia
 B - a scroll of vulnerability {unknown}
 C - a scroll of enchant weapon
Potions
 l - a potion of brilliance {unknown}
 t - a potion of resistance
 u - a potion of curing {unknown}
Comestibles
 c - 2 beef jerkies
 h - 4 fruits
 j - 5 meat rations
 k - a royal jelly
 s - 2 bread rations


   Skills:
 + Level 6.8 Fighting
 + Level 3.2(6.0) Axes
 + Level 7.9(8.2) Maces & Flails
 + Level 4.8 Dodging
 + Level 2.4 Stealth
 + Level 3.1 Shields
 + Level 2.0 Invocations


You had 8 spell levels left.
You didn't know any spells.

Dungeon Overview and Level Annotations

Branches:
Dungeon (7/15)             Temple (0/1) D:4

Altars:

Shops:
D:5 }


Innate Abilities, Weirdness & Mutations

You can breathe wild blasts of lightning.
Your glossy black scales are hard. (AC +7)
You cannot fit into any form of body armour.
You are resistant to electric shocks. (rElec)
You are cold-blooded and may be slowed by cold attacks.
You have supernaturally acute eyesight. (SInv)
Your mind is acute. (Int +2)
You are robust. (+10% HP)
You are weak. (Str -2)


Message History

The orc warrior barely misses you.
You whack the orc warrior!
You feel better.
The orc warrior is severely wounded.
You hit the orc warrior.
You feel better.
You tail-slap the orc warrior, but do no damage.
The orc warrior is almost dead.
The orc warrior hits you with a glaive!!
You hit the orc warrior.
The orc warrior is almost dead.
You hit the orc warrior but do no damage.
You tail-slap the orc warrior, but do no damage.
The orc warrior is almost dead.
The orc warrior hits you with a glaive!!
* * * LOW HITPOINT WARNING * * *
It was a potion of flight.
You feel very buoyant.
You fly up into the air.
The orc warrior hits you with a glaive!
* * * LOW HITPOINT WARNING * * *
The orc warrior hits you from afar with a glaive!
You die...

#######.#####.#.######.####...###
......#.#.....#.###.......#......
.................................
####..#...###.#)###.#........(..#
# #..#.#####.#)# #.####.####.#.#
#..#.......†.# #.# #.# ...#
##.#.#####.#o###.# #.# ...#
#...#####.......# ##'####.#.#
#...........@...# #.......#..
##..#####.#####.# #...#######
#.......... #.# #..........
#..#####.## #.# #.........# ##.##
. #.# ####......# #..# . #.#
#......# ##.# #.# #......# #.##
#.# #.###### #..# #.# #.#


You could see an orc warrior.

Vanquished Creatures
  2 orc warriors
  A phantom (D:7)
  A black bear (D:6)
  An ice beast (D:6)
  An ogre (D:4)
  A centaur (D:6)
  A bullfrog (D:7)
  3 wights (D:7)
  A howler monkey (D:4)
  2 crimson imps
  A bullfrog zombie (D:5)
  2 jellies (D:6)
  7 orc priests
  4 hounds
  9 orc wizards
  3 bullfrog skeletons
  A centaur skeleton (D:4)
  An iguana (D:4)
  6 worker ants
  Terence (D:3)
  A killer bee zombie (D:5)
  A worker ant zombie (D:4)
  12 adders
  2 shadow imps
  2 oozes
  A worm (D:4)
  2 leopard geckos
  38 orcs
  2 giant cockroaches
  A goblin (D:3)
  4 hobgoblins
  4 jackals
  5 quokkas
  11 ball pythons
  A bat (D:2)
  4 frilled lizards
  4 kobolds
  A leopard gecko skeleton (D:6)
  A quokka skeleton (D:6)
  3 rats (D:2)
149 creatures vanquished.

Notes
Turn   | Place    | Note
-------+----------+-------------------------------------------
     0 | Abyss:1  | Gargoyl the Draconian Abyssal Knight began the quest for the Orb.
     0 | Abyss:1  | Reached XP level 1. HP: 19/19 MP: 2/2
    88 | Abyss:1  | Noticed a starcursed mass
   104 | D:1      | Escaped the Abyss
   120 | D:1      | Reached * piety under Lugonu
   296 | D:1      | Reached XP level 2. HP: 25/26 MP: 3/3
   764 | D:2      | Reached XP level 3. HP: 31/33 MP: 4/4
  1009 | D:2      | Reached skill level 1 in Maces & Flails
  1212 | D:2      | Reached XP level 4. HP: 40/40 MP: 5/5
  1537 | D:3      | Noticed Terence
  1551 | D:3      | Killed Terence
  1551 | D:3      | Reached skill level 2 in Maces & Flails
  1653 | D:3      | Reached skill level 1 in Stealth
  1881 | D:3      | Reached ** piety under Lugonu
  1944 | D:3      | Reached XP level 5. HP: 46/46 MP: 6/6
  2158 | D:4      | Reached skill level 3 in Maces & Flails
  2365 | D:4      | Reached XP level 6. HP: 41/53 MP: 7/7
  2379 | D:4      | Reached skill level 1 in Shields
  2697 | D:4      | Gained mutation: You have supernaturally acute eyesight. (SInv) [potion of beneficial mutation]
  2698 | D:4      | Gained mutation: You are robust. (+10% HP) [potion of mutation]
  2698 | D:4      | Gained mutation: You are weak. (Str -2) [potion of mutation]
  2698 | D:4      | Gained mutation: Your mind is acute. (Int +2) [potion of mutation]
  3040 | D:4      | Reached skill level 4 in Maces & Flails
  3051 | D:4      | Found a staircase to the Ecumenical Temple.
  3175 | D:4      | Reached skill level 5 in Fighting
  3175 | D:4      | Your scales start taking on a glossy black colour.
  3175 | D:4      | Reached XP level 7. HP: 67/67 MP: 8/8
  3175 | D:4      | Gained mutation: You are resistant to electric shocks. (rElec) [Black Draconian growth]
  3561 | D:5      | Entered Level 5 of the Dungeon
  3619 | D:5      | Found Vauqiog's Gadget Shoppe.
  3668 | D:5      | Reached *** piety under Lugonu
  3683 | D:5      | Reached skill level 5 in Maces & Flails
  4541 | D:6      | Reached XP level 8. HP: 73/75 MP: 9/9
  4652 | D:6      | Reached skill level 6 in Maces & Flails
  4862 | D:6      | Got a fine mace
  4864 | D:6      | Identified the +5 mace of Drought {freeze, Stlth+} (You found it on level 6 of the Dungeon)
  4954 | D:6      | Reached skill level 7 in Maces & Flails
  5110 | D:6      | Reached **** piety under Lugonu
  5892 | D:7      | Reached XP level 9. HP: 48/85 MP: 10/10
  6351 | D:7      | Slain by an orc warrior

Skill      XL: |  1  2  3  4  5  6  7  8 |
---------------+-------------------------+-----
Fighting       | 4 5 6 |  6.8
Maces & Flails | 1 2 3 4 5 7 |  7.9
Stealth        | 1 2 |  2.4
Dodging        | 3 4 |  4.8
Shields        | 1 2 3 |  3.1
Axes           | 3 |  3.2
Invocations    | |  2.0

Action                   |  1- 3 |  4- 6 |  7- 9 || total
-------------------------+-------+-------+-------++-------
Melee: Demon whip        |    89 |   127 |   274 ||   490
       Tailslap          |     7 |    10 |    31 ||    48
       War axe           |       |    23 |       ||    23
Invok: Depart the Abyss  |     1 |       |       ||     1
 Abil: Breathe Lightning |       |       |    14 ||    14
  Use: Scroll            |     3 |    12 |     2 ||    17
       Potion            |       |     2 |     1 ||     3
 Stab: Sleeping          |     1 |     2 |       ||     3
  Eat: Bread ration      |     1 |     1 |       ||     2
       Chunk             |     1 |     4 |    11 ||    16
       Fruit             |       |     1 |       ||     1
       Royal jelly       |       |     1 |       ||     1
Armor: Skin              |    27 |    33 |    71 ||   131
Dodge: Dodged            |    47 |    91 |   152 ||   290
Block: Buckler           |     6 |    26 |    46 ||    78
